[ AOE2 MATCH · #508619912 ]
UnrankedKoreans vs Poles
Player's team · WIN
Rival team · LOSS
[ REPLAY ANALYSIS · EXTRACTED FROM THE RECORDED GAME ]
Feudal
15:36
Castle
19:31
Imperial
34:51
| APM avg | 33.9 |
| APM peak | 71 |
| eAPM avg | 16.0 |
| Villagers / military | 68 / 33 |
Focus
⚔️ 22.0% · 🌾 78.0%
War Wagon ×24 · Militia ×7 · Monk ×1 · Trebuchet (Packed) ×1
Feudal
9:22
Castle
22:35
Imperial
—
| APM avg | 52.5 |
| APM peak | 101 |
| eAPM avg | 22.9 |
| Villagers / military | 91 / 41 |
Focus
⚔️ 36.5% · 🌾 63.5%
Scout Cavalry ×21 · Knight ×12 · Monk ×3 · Obuch ×3 · Mangonel ×1 · Battering Ram ×1
Match map
Initial resources + every placement click. Lines = walls · curves = elevation contours. ◆ gold · ⬟ stone · ● berries · ✦ relic · ◌ wall gap
Your base· ✓ Closed at 19:31 · 75t walls · no gate
hurm0k [PT]'s base· Open — opponent sealed themselves in
Smoothed initial terrain · ◌ = detected wall gap · hover for details
Inputs per minute
— OldSlaughter - - hurm0k [PT]
Build order — OldSlaughter
First 150 of 192 actions detected
| 0:01 | Queue | Villager (Male) |
| 0:01 | Queue | Villager (Male) |
| 0:01 | Queue | Villager (Male) |
| 0:02 | Build | House |
| 0:03 | Build | House |
| 0:24 | Queue | Villager (Male) |
| 1:29 | Queue | Villager (Male) |
| 1:48 | Build | Lumber Camp |
| 2:01 | Queue | Villager (Male) |
| 2:12 | Build | House |
| 2:20 | Queue | Villager (Male) |
| 2:54 | Queue | Villager (Male) |
| 3:16 | Queue | Villager (Male) |
| 3:41 | Queue | Villager (Male) |
| 3:55 | Queue | Villager (Male) |
| 4:11 | Queue | Villager (Male) |
| 4:34 | Queue | Villager (Male) |
| 5:02 | Build | Barracks |
| 5:07 | Queue | Villager (Male) |
| 5:08 | Queue | Villager (Male) |
| 5:21 | Build | House |
| 5:56 | Queue | Militia |
| 5:57 | Queue | Militia |
| 6:02 | Queue | Villager (Male) |
| 6:21 | Build | Mill |
| 6:26 | Queue | Militia |
| 6:42 | Queue | Villager (Male) |
| 6:58 | Queue | Militia |
| 7:05 | Queue | Villager (Male) |
| 7:09 | Build | House |
| 7:56 | Queue | Villager (Male) |
| 8:06 | Queue | Villager (Male) |
| 8:18 | Queue | Villager (Male) |
| 8:45 | Queue | Militia |
| 8:54 | Build | Palisade Wall |
| 8:57 | Queue | Villager (Male) |
| 9:00 | Build | House |
| 9:16 | Queue | Villager (Male) |
| 9:40 | Build | Palisade Wall |
| 9:43 | Queue | Militia |
| 9:45 | Queue | Villager (Male) |
| 9:48 | Build | House |
| 9:55 | Build | Farm |
| 9:58 | Build | Farm |
| 10:02 | Build | Palisade Wall |
| 10:14 | Build | Palisade Wall |
| 10:15 | Build | Palisade Wall |
| 10:20 | Queue | Villager (Male) |
| 10:41 | Build | Mining Camp |
| 10:43 | Build | House |
| 10:47 | Build | Palisade Wall |
| 10:56 | Queue | Villager (Male) |
| 11:18 | Queue | Villager (Male) |
| 11:28 | Queue | Villager (Male) |
| 11:36 | Queue | Militia |
| 11:45 | Build | Farm |
| 11:47 | Build | Farm |
| 12:00 | Queue | Villager (Male) |
| 12:04 | Build | Farm |
| 12:13 | Queue | Villager (Male) |
| 12:25 | Queue | Villager (Male) |
| 12:32 | Build | Farm |
| 12:32 | Build | Farm |
| 12:44 | Build | Farm |
| 12:57 | Research | Loom |
| 13:06 | Build | Lumber Camp |
| 13:08 | Research | Feudal Age |
| 13:38 | Build | Mining Camp |
| 13:55 | Queue | Villager (Male) |
| 13:55 | Queue | Villager (Male) |
| 14:42 | Build | Farm |
| 14:59 | Build | House |
| 15:36 | Age | Feudal Age |
| 15:39 | Build | Market |
| 15:43 | Build | Blacksmith |
| 15:47 | Build | House |
| 15:50 | Build | House |
| 15:54 | Queue | Villager (Male) |
| 16:16 | Build | Palisade Wall |
| 16:39 | Research | Castle Age |
| 16:39 | Research | Castle Age |
| 17:10 | Research | Double-Bit Axe |
| 17:24 | Build | House |
| 17:48 | Research | Horse Collar |
| 18:13 | Research | Stone Mining |
| 18:32 | Queue | Villager (Male) |
| 18:34 | Build | Farm |
| 18:58 | Research | Gold Mining |
| 19:03 | Build | House |
| 19:31 | Age | Castle Age |
| 19:38 | Build | Castle |
| 19:42 | Build | Palisade Wall |
| 19:48 | Build | Monastery |
| 19:49 | Queue | Villager (Male) |
| 20:03 | Research | Fletching |
| 20:11 | Build | Palisade Wall |
| 20:13 | Build | House |
| 20:19 | Build | House |
| 20:20 | Queue | Villager (Male) |
| 20:31 | Queue | Monk |
| 20:48 | Queue | Villager (Male) |
| 20:49 | Queue | Villager (Male) |
| 20:51 | Research | Bodkin Arrow |
| 21:04 | Build | House |
| 21:20 | Build | Farm |
| 21:22 | Build | Farm |
| 21:22 | Queue | War Wagon |
| 21:30 | Build | House |
| 21:32 | Queue | Villager (Male) |
| 21:40 | Build | Farm |
| 21:48 | Build | Farm |
| 21:53 | Queue | Villager (Male) |
| 22:11 | Research | Bow Saw |
| 22:21 | Queue | Villager (Male) |
| 22:31 | Build | Farm |
| 22:33 | Build | Farm |
| 22:41 | Build | Palisade Gate |
| 22:45 | Queue | Villager (Male) |
| 22:59 | Build | Palisade Wall |
| 23:04 | Queue | Villager (Male) |
| 23:05 | Queue | War Wagon |
| 23:15 | Queue | War Wagon |
| 23:26 | Queue | War Wagon |
| 23:27 | Queue | Villager (Male) |
| 23:43 | Build | Lumber Camp |
| 23:48 | Queue | Villager (Male) |
| 23:52 | Build | House |
| 23:59 | Queue | War Wagon |
| 23:59 | Queue | Villager (Male) |
| 24:13 | Queue | War Wagon |
| 24:31 | Queue | War Wagon |
| 24:37 | Queue | War Wagon |
| 24:41 | Build | House |
| 24:43 | Build | Palisade Wall |
| 24:44 | Queue | Villager (Male) |
| 24:58 | Queue | War Wagon |
| 24:59 | Queue | Villager (Male) |
| 25:16 | Build | Castle |
| 25:20 | Queue | War Wagon |
| 25:23 | Queue | Villager (Male) |
| 25:36 | Build | Farm |
| 25:41 | Queue | War Wagon |
| 25:43 | Queue | Villager (Male) |
| 25:49 | Build | Farm |
| 26:02 | Queue | War Wagon |
| 26:04 | Queue | Villager (Male) |
| 26:23 | Build | Farm |
| 26:25 | Build | Farm |
| 26:27 | Build | House |
| 26:28 | Build | House |
Build order — hurm0k [PT]
First 150 of 240 actions detected
| 0:01 | Queue | Villager (Male) ×4 |
| 0:03 | Build | House |
| 0:04 | Build | House |
| 1:25 | Queue | Villager (Male) |
| 1:25 | Queue | Villager (Male) |
| 2:01 | Queue | Villager (Male) |
| 2:09 | Build | Mill |
| 2:20 | Queue | Villager (Male) |
| 2:46 | Queue | Villager (Male) |
| 3:05 | Queue | Villager (Male) |
| 3:41 | Queue | Villager (Male) |
| 4:17 | Queue | Villager (Male) |
| 4:17 | Queue | Villager (Male) |
| 4:42 | Queue | Villager (Male) |
| 4:42 | Queue | Villager (Male) |
| 4:42 | Queue | Villager (Male) |
| 4:42 | Queue | Villager (Male) |
| 4:49 | Build | Lumber Camp |
| 5:53 | Queue | Villager (Male) |
| 5:53 | Research | Loom |
| 6:59 | Research | Feudal Age |
| 7:03 | Build | Barracks |
| 8:35 | Build | House |
| 9:22 | Age | Feudal Age |
| 9:25 | Build | Stable |
| 9:33 | Queue | Villager (Male) |
| 9:34 | Queue | Villager (Male) |
| 9:36 | Research | Double-Bit Axe |
| 9:55 | Queue | Scout Cavalry |
| 9:55 | Queue | Scout Cavalry |
| 9:55 | Queue | Scout Cavalry |
| 10:07 | Build | Blacksmith |
| 10:34 | Queue | Villager (Male) |
| 10:34 | Queue | Villager (Male) |
| 11:06 | Queue | Villager (Male) |
| 11:09 | Build | House |
| 11:17 | Queue | Scout Cavalry |
| 11:33 | Queue | Scout Cavalry |
| 11:37 | Queue | Villager (Male) |
| 11:49 | Build | Palisade Wall |
| 11:50 | Build | Palisade Wall |
| 11:56 | Queue | Villager (Male) |
| 12:00 | Research | Horse Collar |
| 12:25 | Queue | Villager (Male) |
| 12:47 | Build | Palisade Wall |
| 12:55 | Build | Palisade Wall |
| 12:59 | Queue | Villager (Male) |
| 12:59 | Queue | Villager (Male) |
| 13:01 | Build | Farm |
| 13:02 | Build | Farm |
| 13:03 | Build | Farm |
| 13:04 | Build | Farm |
| 13:05 | Build | Farm |
| 13:07 | Build | Farm |
| 13:08 | Queue | Scout Cavalry |
| 13:11 | Build | House |
| 13:12 | Build | House |
| 13:27 | Build | Farm |
| 13:37 | Build | Palisade Wall |
| 14:03 | Queue | Villager (Male) |
| 14:03 | Queue | Scout Cavalry |
| 14:23 | Queue | Villager (Male) |
| 14:27 | Queue | Scout Cavalry |
| 14:38 | Queue | Scout Cavalry |
| 14:46 | Research | Scale Barding Armor |
| 14:51 | Build | Mill |
| 14:55 | Queue | Villager (Male) |
| 14:58 | Build | Farm |
| 14:58 | Build | Farm |
| 15:11 | Queue | Villager (Male) |
| 15:26 | Queue | Villager (Male) |
| 15:50 | Build | Farm |
| 15:51 | Build | Farm |
| 15:59 | Build | Mining Camp |
| 16:08 | Queue | Villager (Male) |
| 16:13 | Build | Farm |
| 16:15 | Build | Farm |
| 16:17 | Queue | Villager (Male) |
| 16:25 | Build | Stone Wall |
| 16:37 | Build | Stone Wall |
| 16:43 | Build | Stone Wall |
| 16:45 | Queue | Villager (Male) |
| 16:47 | Build | Farm |
| 16:49 | Build | Farm |
| 16:52 | Build | Farm |
| 17:11 | Build | Farm |
| 17:16 | Queue | Villager (Male) |
| 17:31 | Research | Stone Mining |
| 17:53 | Queue | Villager (Male) |
| 17:57 | Build | Mill |
| 17:58 | Build | Farm |
| 18:29 | Queue | Villager (Male) |
| 18:41 | Build | Market |
| 18:47 | Queue | Villager (Male) |
| 19:06 | Build | Farm |
| 19:30 | Queue | Villager (Male) |
| 19:34 | Build | Farm |
| 19:43 | Queue | Scout Cavalry |
| 19:43 | Queue | Scout Cavalry |
| 19:47 | Research | Castle Age |
| 19:47 | Research | Castle Age |
| 20:09 | Build | Farm |
| 20:11 | Build | Farm |
| 20:13 | Build | Farm |
| 20:21 | Build | Stone Wall |
| 20:26 | Build | Stone Wall |
| 20:43 | Queue | Scout Cavalry |
| 20:56 | Queue | Villager (Male) |
| 21:00 | Build | House |
| 21:00 | Build | House |
| 21:05 | Research | Forging |
| 21:33 | Queue | Scout Cavalry |
| 21:33 | Queue | Scout Cavalry |
| 21:33 | Queue | Scout Cavalry |
| 21:34 | Queue | Scout Cavalry |
| 22:35 | Age | Castle Age |
| 22:38 | Research | Light Cavalry (upgrade) |
| 22:38 | Research | Husbandry |
| 22:41 | Queue | Villager (Male) |
| 22:45 | Build | Town Center |
| 22:52 | Build | Lumber Camp |
| 23:17 | Queue | Villager (Male) |
| 23:34 | Build | Castle |
| 23:38 | Research | Chain Barding Armor |
| 23:43 | Queue | Villager (Male) |
| 23:50 | Queue | Villager (Male) |
| 23:56 | Build | Monastery |
| 23:59 | Build | Farm |
| 24:00 | Queue | Villager (Male) |
| 24:04 | Queue | Villager (Male) |
| 24:17 | Build | Farm |
| 24:17 | Build | Farm |
| 24:42 | Build | Outpost |
| 24:43 | Build | Outpost |
| 24:49 | Queue | Villager (Male) |
| 24:50 | Queue | Villager (Male) |
| 24:51 | Queue | Villager (Male) |
| 24:51 | Queue | Villager (Male) |
| 24:58 | Build | Outpost |
| 24:59 | Build | Outpost |
| 25:00 | Queue | Villager (Male) |
| 25:00 | Queue | Villager (Male) |
| 25:18 | Queue | Villager (Male) |
| 25:27 | Build | Outpost |
| 25:40 | Research | Town Watch |
| 25:48 | Queue | Monk |
| 26:02 | Queue | Villager (Male) |
| 26:03 | Queue | Villager (Male) |
| 26:25 | Queue | Villager (Male) |
| 26:25 | Queue | Villager (Male) |
Match timeline
| 5:02 | OldSlaughter · first_building Barracks |
| 7:03 | hurm0k [PT] · first_building Barracks |
| 8:54 | OldSlaughter · wall_segment Palisade Wall x11 |
| 9:22 | hurm0k [PT] · age_up feudal |
| 9:25 | hurm0k [PT] · first_building Stable |
| 9:40 | OldSlaughter · wall_segment Palisade Wall x27 |
| 10:02 | OldSlaughter · wall_segment Palisade Wall x18 |
| 10:14 | OldSlaughter · wall_segment Palisade Wall x7 |
| 10:15 | OldSlaughter · wall_segment Palisade Wall x5 |
| 10:47 | OldSlaughter · wall_segment Palisade Wall x6 |
| 11:49 | hurm0k [PT] · wall_segment Palisade Wall x5 |
| 11:50 | hurm0k [PT] · wall_segment Palisade Wall x4 |
| 12:47 | hurm0k [PT] · wall_segment Palisade Wall x3 |
| 12:55 | hurm0k [PT] · wall_segment Palisade Wall x5 |
| 13:37 | hurm0k [PT] · wall_segment Palisade Wall x3 |
| 15:36 | OldSlaughter · age_up feudal |
| 16:16 | OldSlaughter · wall_segment Palisade Wall x14 |
| 16:25 | hurm0k [PT] · wall_segment Stone Wall x16 |
| 16:37 | hurm0k [PT] · wall_segment Stone Wall x2 |
| 16:43 | hurm0k [PT] · wall_segment Stone Wall x14 |
| 19:31 | OldSlaughter · age_up castle |
| 19:38 | OldSlaughter · first_building Castle |
| 19:42 | OldSlaughter · wall_segment Palisade Wall x1 |
| 19:46 | hurm0k [PT] · first_market_sell 100 wood |
| 19:48 | OldSlaughter · first_building Monastery |
| 20:11 | OldSlaughter · wall_segment Palisade Wall x2 |
| 20:21 | hurm0k [PT] · wall_segment Stone Wall x9 |
| 20:26 | hurm0k [PT] · wall_segment Stone Wall x15 |
| 22:35 | hurm0k [PT] · age_up castle |
| 22:59 | OldSlaughter · wall_segment Palisade Wall x1 |
| 23:30 | hurm0k [PT] · first_market_buy 100 stone |
| 23:34 | hurm0k [PT] · first_building Castle |
| 23:56 | hurm0k [PT] · first_building Monastery |
| 24:43 | OldSlaughter · wall_segment Palisade Wall x1 |
| 29:47 | OldSlaughter · first_market_sell 100 food |
| 30:29 | hurm0k [PT] · wall_segment Stone Wall x12 |
| 31:36 | hurm0k [PT] · first_building Siege Workshop |
| 34:51 | OldSlaughter · age_up imperial |
| 36:16 | hurm0k [PT] · resign |
[ AI ANALYSIS · 1 CREDIT ]
What really happened in this match?
Wolo.gg analyzes every decision: build order, eco, micro, common mistakes by bracket. Personalized analysis on WhatsApp or Discord in 30 seconds.
Civ guide
Koreans
Perfil
Jugador #12094927